 Dungeon Crawl Stone Soup version 0.32-a0-135-g14f8b2e1af (webtiles) character file.

Game seed: 1956749469779417555

21046 wilfster70 the Destroyer (level 12, -11/92 (94) HPs)
             Began as a Gnoll Wanderer on May 29, 2023.
             Was a High Priest of Okawaru.
             Mangled by a cane toad (17 damage)
             ... on level 2 of the Lair of Beasts on Feb 10, 2024.
             The game lasted 00:34:41 (16704 turns).

wilfster70 the Destroyer (Gnoll Wanderer)          Turns: 16704, Time: 00:34:42

HP:   -11/92 (94)   AC: 16    Str: 10    XL:     12   Next: 85%
MP:   24/24         EV: 21    Int: 13    God:    Okawaru [*****.]
Gold: 604           SH:  0    Dex: 17    Spells: 24/28 levels left

rFire   . . .        a - +4 war axe (freeze)
rCold   . . .        (no shield)
rNeg    . . .        e - +0 leather armour
rPois   .            u - +0 helmet
rElec   .            q - +1 cloak
rCorr   .            C - +2 pair of gloves
SInv    .            i - +0 pair of boots
Will    .....        f - amulet of magic regeneration
Stlth   ++++         F - +4 ring of protection
HPRegen 0.35/turn    v - +5 ring of evasion
MPRegen 0.59/turn

%: no passive effects
@: lightly drained
A: fangs 1, strong nose, distributed training
a: Renounce Religion, Heroism, Finesse, Duel


You were on level 2 of the Lair of Beasts.
You worshipped Okawaru.
Okawaru was extremely pleased with you.
You visited 2 branches of the dungeon, and saw 13 of its levels.

You collected 604 gold pieces.

Inventory:

Hand Weapons
 a - a +4 war axe of freezing (weapon)
 b - a +3 scimitar of flaming
Missiles
 g - 20 poisoned darts
 m - 2 curare-tipped darts
 w - 4 datura-tipped darts
 z - 2 silver javelins
 G - 14 boomerangs (quivered)
Armour
 e - a +0 leather armour (worn)
 i - a +0 pair of boots (worn)
 q - a +1 cloak (worn)
 u - a +0 helmet (worn)
 C - a +2 pair of gloves (worn)
Jewellery
 f - an amulet of magic regeneration (around neck)
 s - a ring of willpower
 v - a +5 ring of evasion (right hand)
 y - a ring of see invisible
 F - a +4 ring of protection (left hand)
Wands
 j - a wand of roots (19)
 t - a wand of polymorph (12)
 x - a wand of digging (4)
Scrolls
 d - 3 scrolls of teleportation
 n - a scroll of fear
 B - a scroll of fog
 D - a scroll of blinking
 K - 2 scrolls of amnesia
Potions
 c - a potion of cancellation
 h - a potion of lignification
 k - 7 potions of curing
 l - a potion of ambrosia
 o - 3 potions of might
 p - a potion of heal wounds
 r - a potion of resistance {unknown}
 A - a potion of magic
 E - a potion of mutation
 H - 5 potions of attraction
 I - a potion of invisibility {unknown}
Miscellaneous
 J - a lightning rod (4/4)


   Skills:
 + Level 8.4 Fighting
 + Level 8.4 Short Blades
 + Level 8.0 Long Blades
 + Level 8.0 Axes
 + Level 8.0 Maces & Flails
 + Level 8.0 Polearms
 + Level 8.0 Staves
 + Level 8.0 Ranged Weapons
 + Level 8.4 Throwing
 + Level 8.4 Armour
 + Level 8.0 Dodging
 + Level 8.3 Stealth
 + Level 8.0 Shields
 + Level 8.0 Unarmed Combat
 + Level 8.5 Spellcasting
 + Level 9.8 Conjurations
 + Level 6.6 Hexes
 + Level 6.6 Summonings
 + Level 6.6 Necromancy
 + Level 6.6 Translocations
 + Level 6.6 Fire Magic
 + Level 6.6 Ice Magic
 + Level 6.6 Air Magic
 + Level 6.6 Earth Magic
 + Level 6.6 Alchemy
 + Level 8.7 Invocations
 + Level 8.0 Evocations
 + Level 7.2 Shapeshifting


You had 24 spell levels left.
You knew the following spells:

 Your Spells              Type           Power      Damage    Failure   Level
a - Magic Dart            Conj           100%       1d8       1%          1
b - Stone Arrow           Conj/Erth      52%        3d10      1%          3

Your spell library contained the following spells:

 Spells                   Type           Power      Damage    Failure   Level
 Foxfire                  Conj/Fire      100%       2x1d9     1%          1
 Shock                    Conj/Air       100%       1d9       1%          1
 Portal Projectile        Hex/Tloc       44%        N/A       3%          3
 Iskenderun's Battlesphe  Conj           31%        2d8       9%          5
 Leda's Liquefaction      Alch/Erth      11%        N/A       11%         4
 Bombard                  Conj/Erth      13%        9d3       65%         6
 Call Canine Familiar     Summ           Unusable   N/A       N/A         3
 Tukima's Dance           Hex            Unusable   N/A       N/A         3
 Spellforged Servitor     Conj/Summ      Unusable   N/A       N/A         7

Dungeon Overview and Level Annotations

Branches:
Dungeon (11/15)            Temple (0/1) D:6            Lair (2/5) D:8
    Orc (0/2) D:9
  Swamp: Lair:2-3    Shoals: Lair:2-3     Snake: Lair:2-3    Spider: Lair:2-3

Altars:
Cheibriados
Fedhas
Hepliaklqana
Makhleb
Nemelex Xobeh
Okawaru
Qazlal
Sif Muna
Vehumet
Wu Jian
Xom
Yredelemnul
Zin
The Shining One

Annotations:
D:10 1 runed translucent door, TentacledManhood's ghost, journeyman NaAl
Lair:1 exclusion: oklob plant


Innate Abilities, Weirdness & Mutations

You have very sharp teeth.
Your uncanny sense of smell can sniff out nearby items.
Your experience applies equally to all skills.


Message History

You hit the polar bear. You freeze the polar bear.
The polar bear is severely wounded.
You hit the polar bear. You barely miss the hell rat.
You closely miss the cane toad.
You hit the polar bear but do no damage.
The polar bear misses you. The polar bear completely misses you.
The polar bear barely misses you. The hell rat bites you!
You feel drained. The polar bear misses you. The polar bear closely misses you.
The polar bear claws you but does no damage.
The polar bear bites you but does no damage.
The polar bear claws you but does no damage.
The polar bear misses you. The polar bear bites you!
* * * LOW HITPOINT WARNING * * *
The polar bear completely misses you. The polar bear misses you.
The cane toad closely misses you. The hell rat completely misses you.
You are too injured to fight recklessly!
You are too injured to fight recklessly!
You are too injured to fight recklessly!
You are too injured to fight recklessly!
You are too injured to fight recklessly!
You are too injured to fight recklessly!
You are too injured to fight recklessly!
You are too injured to fight recklessly!
You are too injured to fight recklessly!
You are too injured to fight recklessly!
You are too injured to fight recklessly!
You are too injured to fight recklessly!
You are too injured to fight recklessly!
You are too injured to fight recklessly!
You are too injured to fight recklessly!
The polar bear bites you!!
* * * LOW HITPOINT WARNING * * *
The polar bear misses you. The polar bear completely misses you.
You see here a scroll of fear.
The polar bear rages.
The polar bear attacks as it pursues you!
The polar bear completely misses you. x2; The polar bear barely misses you.
The cane toad attacks as it pursues you!
The cane toad stings you!
You die...

#.###.....#
#.###....##
#..##..).# ..# #
##.###.P### ..# #
#...##.######..## #
##.##.+.##.##...####
#
#................#.#
#
#...................
.
##........@.........
. #........Fhhh..## .
#..####....?...#.#..
#
#...#P....#r........
#
...#.....r+.........
.
##...#..........#...P
. . #....#......#.#.
P #..........#... #
#....#......#.P #


You could see 3 polar bears, a cane toad and 2 hell rats.

Vanquished Creatures
  2 two-headed ogres
  A centaur warrior (D:10)
  A skyshark (Lair:2)
  A manticore (D:8)
  An ugly thing (D:10)
  5 elephants
  2 gargoyles (D:10)
  A black mamba (Lair:1)
  A cane toad (Lair:2)
  3 rime drakes
  An efreet (D:8)
  5 komodo dragons
  Psyche (D:10)
  A tengu conjurer (D:10)
  3 trolls
  A polar bear (D:8)
  7 blink frogs
  A slime creature (D:10)
  Sigmund (D:2)
  A wyvern (D:7)
  4 shadows
  A basilisk (Lair:1)
  16 yaks
  An acid dragon (D:9)
  6 water moccasins
  Duvessa (D:4)
  5 black bears
  5 orc warriors
  4 ice beasts (D:8)
  2 ogres
  5 centaurs
  2 wolves (D:8)
  2 phantoms
  A kobold brigand (D:9)
  5 bullfrogs
  4 gnoll sergeants
  4 scorpions
  22 wights
  Dowan (D:4)
  A killer bee (D:10)
  3 electric eels (D:9)
  2 howler monkeys (D:10)
  A bombardier beetle (D:10)
  10 orc priests
  A gnoll bouda (D:6)
  7 hounds
  3 jellies
  3 iguanas (D:6)
  Terence (D:2)
  2 sleepcaps
  8 orc wizards
  2 hell rats (Lair:2)
  Robin (D:3)
  13 gnolls
  12 adders
  A shadow imp (D:5)
  2 white imps (D:7)
  An ufetubus (D:6)
  3 ribbon worms (D:4)
  2 dart slugs
  50 orcs
  6 endoplasms
  4 giant cockroaches
  15 goblins
  9 hobgoblins
  4 jackals (D:2)
  5 quokkas
  9 ball pythons
  4 bats
  6 frilled lizards
  8 kobolds
  4 rats
334 creatures vanquished.

Notes
Turn   | Place    | Note
-------+----------+-------------------------------------------
     0 | D:1      | wilfster70 the Gnoll Wanderer began the quest for the Orb.
     0 | D:1      | wilfster70 set off with the following items: a +0 short
                  | sword, 8 boomerangs, a +0 dagger, a scroll of
                  | teleportation, a +0 leather armour; and the following
                  | spells available to memorise: Magic Dart, Foxfire, Stone
                  | Arrow.
     0 | D:1      | Reached XP level 1. HP: 17/17 MP: 4/4
     2 | D:1      | Learned a level 1 spell: Magic Dart
   156 | D:1      | Reached XP level 2. HP: 23/23 MP: 5/5
   328 | D:1      | Found a faded altar of an unknown god.
   339 | D:1      | Got Plato's Volume of Haze
   517 | D:1      | Reached XP level 3. HP: 20/28 MP: 7/7
  1041 | D:2      | Reached skill level 1 in Invocations
  1124 | D:2      | Reached skill level 1 in Long Blades
  1124 | D:2      | Reached skill level 1 in Axes
  1124 | D:2      | Reached skill level 1 in Maces & Flails
  1124 | D:2      | Reached skill level 1 in Polearms
  1124 | D:2      | Reached skill level 1 in Staves
  1124 | D:2      | Reached skill level 1 in Ranged Weapons
  1124 | D:2      | Reached skill level 1 in Dodging
  1124 | D:2      | Reached skill level 1 in Shields
  1124 | D:2      | Reached skill level 1 in Unarmed Combat
  1124 | D:2      | Reached skill level 1 in Evocations
  1170 | D:2      | Noticed Terence
  1179 | D:2      | Killed Terence
  1180 | D:2      | Reached XP level 4. HP: 30/34 MP: 8/8
  1185 | D:2      | Learned a level 3 spell: Stone Arrow
  1226 | D:2      | Noticed Sigmund
  1257 | D:2      | Killed Sigmund
  1258 | D:2      | Reached skill level 1 in Hexes
  1258 | D:2      | Reached skill level 1 in Summonings
  1258 | D:2      | Reached skill level 1 in Necromancy
  1258 | D:2      | Reached skill level 1 in Translocations
  1258 | D:2      | Reached skill level 1 in Transmutations
  1258 | D:2      | Reached skill level 1 in Fire Magic
  1258 | D:2      | Reached skill level 1 in Ice Magic
  1258 | D:2      | Reached skill level 1 in Air Magic
  1258 | D:2      | Reached skill level 1 in Earth Magic
  1258 | D:2      | Reached skill level 1 in Alchemy
  1258 | D:2      | Reached XP level 5. HP: 18/41 MP: 6/10
  1258 | D:2      | Reached XP level 6. HP: 21/47 MP: 6/11
  1408 | D:2      | Identified the +1 chain mail of the True Pharaoh {rElec
                  | rC+}
  1497 | D:2      | Identified the +5 chain mail of the Bagpipe {-Cast Str+4
                  | Slay+2}
  2107 | D:3      | Found a glowing silver altar of Zin.
  3248 | D:3      | Noticed Robin
  3286 | D:2      | Reached XP level 7. HP: 46/52 MP: 12/12
  3489 | D:3      | Killed Robin
  3577 | D:3      | Found a shimmering altar of Xom.
  4495 | D:4      | Found an ornate altar of the Wu Jian Council.
  4496 | D:4      | Found a glowing golden altar of the Shining One.
  4589 | D:4      | Noticed Dowan
  4590 | D:4      | Noticed Duvessa
  4617 | D:4      | Killed Duvessa
  4621 | D:4      | HP: 2/53 [Dowan/shard of ice (10)]
  4625 | D:4      | Killed Dowan
  5152 | D:4      | Reached XP level 8. HP: 60/60 MP: 14/14
  5335 | D:5      | Entered Level 5 of the Dungeon
  6029 | D:5      | Found an iron altar of Okawaru.
  6037 | D:5      | Became a worshipper of Warmaster Okawaru
  6467 | D:6      | Found a staircase to the Ecumenical Temple.
  6578 | D:6      | Reached * piety under Okawaru
  6579 | D:6      | Reached XP level 9. HP: 55/67 MP: 16/16
  6647 | D:6      | Reached skill level 5 in Spellcasting
  7059 | D:6      | Reached skill level 8 in Conjurations
  7195 | D:6      | Reached skill level 5 in Fighting
  7195 | D:6      | Reached skill level 5 in Short Blades
  7195 | D:6      | Reached skill level 5 in Throwing
  7195 | D:6      | Reached skill level 5 in Armour
  7597 | D:6      | Reached skill level 5 in Stealth
  8069 | D:7      | Reached ** piety under Okawaru
  8070 | D:7      | Reached skill level 5 in Invocations
  8886 | D:7      | Found a hazy altar of Hepliaklqana.
  8886 | D:7      | Found a radiant altar of Vehumet.
  9252 | D:8      | Noticed a two-headed ogre
  9332 | D:8      | Reached skill level 5 in Long Blades
  9332 | D:8      | Reached skill level 5 in Axes
  9332 | D:8      | Reached skill level 5 in Maces & Flails
  9332 | D:8      | Reached skill level 5 in Polearms
  9332 | D:8      | Reached skill level 5 in Staves
  9332 | D:8      | Reached skill level 5 in Ranged Weapons
  9332 | D:8      | Reached skill level 5 in Dodging
  9332 | D:8      | Reached skill level 5 in Shields
  9332 | D:8      | Reached skill level 5 in Unarmed Combat
  9332 | D:8      | Reached skill level 5 in Evocations
  9332 | D:8      | Reached XP level 10. HP: 76/76 MP: 14/18
  9406 | D:8      | Found a blossoming altar of Fedhas.
  9408 | D:8      | Found a stormy altar of Qazlal.
  9412 | D:8      | Found a shimmering blue altar of Sif Muna.
  9441 | D:8      | Found a burning altar of Makhleb.
  9507 | D:8      | Reached *** piety under Okawaru
 10134 | D:8      | Found a staircase to the Lair.
 10150 | D:8      | Killed a two-headed ogre
 10305 | D:8      | Found a sparkling altar of Nemelex Xobeh.
 10498 | D:8      | Noticed a manticore
 10517 | D:8      | Killed a manticore
 10517 | D:8      | Reached **** piety under Okawaru
 11443 | D:9      | Reached skill level 5 in Hexes
 11443 | D:9      | Reached skill level 5 in Summonings
 11443 | D:9      | Reached skill level 5 in Necromancy
 11443 | D:9      | Reached skill level 5 in Translocations
 11443 | D:9      | Reached skill level 5 in Transmutations
 11443 | D:9      | Reached skill level 5 in Fire Magic
 11443 | D:9      | Reached skill level 5 in Ice Magic
 11443 | D:9      | Reached skill level 5 in Air Magic
 11443 | D:9      | Reached skill level 5 in Earth Magic
 11443 | D:9      | Reached skill level 5 in Alchemy
 11445 | D:9      | Reached XP level 11. HP: 83/83 MP: 8/21
 11478 | D:9      | Noticed a two-headed ogre
 11490 | D:9      | Killed a two-headed ogre
 11490 | D:9      | Received a gift from Okawaru
 11949 | D:9      | Found a staircase to the Orcish Mines.
 11987 | D:9      | Upgraded the game from 0.31-a0-115-g4708a659fe to
                  | 0.32-a0-135-g14f8b2e1af
 12358 | D:10     | Entered Level 10 of the Dungeon
 12372 | D:10     | Reached skill level 9 in Conjurations
 12522 | D:10     | Found a runed translucent door.
 12523 | D:10     | Found a shimmering altar of Xom.
 12523 | D:10     | Noticed a +0 hand axe of chaos
 12523 | D:10     | Noticed TentacledManhood's ghost (journeyman NaAl)
 13044 | D:10     | Noticed a centaur warrior
 13055 | D:10     | Killed a centaur warrior
 13055 | D:10     | Reached ***** piety under Okawaru
 13349 | D:10     | Received a gift from Okawaru
 13756 | D:10     | Found a basalt altar of Yredelemnul.
 13771 | D:10     | Found a snail-covered altar of Cheibriados.
 13852 | D:10     | Noticed a cyan ugly thing
 13857 | D:10     | Killed a cyan ugly thing
 14367 | D:11     | Noticed Psyche
 14378 | D:10     | Reached XP level 12. HP: 86/91 MP: 23/23
 14388 | D:10     | Killed Psyche
 14447 | Lair:1   | Entered Level 1 of the Lair of Beasts
 15985 | Lair:2   | Received a gift from Okawaru
 16046 | Lair:2   | Noticed a skyshark
 16066 | Lair:2   | Killed a skyshark
 16704 | Lair:2   | Mangled by a cane toad

Illustrated notes

Levels and vault maps discovered:
D:1:      dpeg_arrival_stone_temple_mockup, layout_basic,
          shapermc_ecumenical_altar_rom_forum, serial_curves, eino_curves_02,
          eino_curves_02
D:2:      cheibrodos_pilgrimage, layout_loops_cross, uniq_sigmund, uniq_terence
D:3:      layout_basic, zin_academy, xom_butterflies,
          minmay_misc_feat_nine_boxes, minmay_between, uniq_robin
D:4:      layout_basic, mainiacjoe_overflow_divided_tiny, serial_bayou_pond_b,
          chequers_hall_statues_wall_a, uniq_duvessa
D:5:      layout_rooms, mainiacjoe_overflow_chevrons
D:6:      layout_loops_ring, minmay_temple_entry_mist
D:7:      layout_loops_ring, nicolae_overflow_two_pavilions
D:8:      layout_loops_ring, gammafunk_temple_overflow_forgotten,
          mainiacjoe_overflow_paths, lightli_temple_of_fire,
          hellmonk_lair_entry_icy, minmay_diamond_spiral
D:9:      layout_cave_pools, erik_orc_2, minmay_misc_feat_doors
D:10:     nzn_winding_woodlands_three_and_one [nzn_winding_woodlands_5x15_pool,
          nzn_winding_woodlands_5x15_concentric,
          nzn_winding_woodlands_5x15_sawtooth,
          nzn_winding_woodlands_center_garden], layout_irregular_city,
          mainiacjoe_overflow_tiny_flanked, slow_altar_2, ebering_ghost_xom
D:11:     layout_rooms, uniq_psyche
Lair:1:   dpeg_oklob_gauntlet, layout_long_grid, chequers_serial_rivers_large_a,
          serial_bayou_pond_e, st_stairs_4
Lair:2:   layout_regular_city, gauntlet_entry_generic, cheibrodos_lair_lostbears

Skill      XL: |  1  2  3  4  5  6  7  8  9 10 11 12 |
---------------+-------------------------------------+-----
Invocations    | 1 2 3 4 5 6 7 8 |  8.7
Long Blades    | 1 2 3 5 6 7 8 |  8.0
Axes           | 1 2 3 5 6 7 8 |  8.0
Maces & Flails | 1 2 3 5 6 7 8 |  8.0
Polearms       | 1 2 3 5 6 7 8 |  8.0
Staves         | 1 2 3 5 6 7 8 |  8.0
Ranged Weapons | 1 2 3 5 6 7 8 |  8.0
Dodging        | 1 2 3 5 6 7 8 |  8.0
Shields        | 1 2 3 5 6 7 8 |  8.0
Unarmed Combat | 1 2 3 5 6 7 8 |  8.0
Evocations     | 1 2 3 5 6 7 8 |  8.0
Spellcasting   | 3 4 5 6 7 8 |  8.5
Fighting       | 3 4 5 6 7 8 |  8.4
Short Blades   | 3 4 5 6 7 8 |  8.4
Throwing       | 3 4 5 6 7 8 |  8.4
Armour         | 3 4 5 6 7 8 |  8.4
Stealth        | 3 4 5 6 7 8 |  8.3
Hexes          | 1 2 3 4 5 6 |  6.6
Summonings     | 1 2 3 4 5 6 |  6.6
Necromancy     | 1 2 3 4 5 6 |  6.6
Translocations | 1 2 3 4 5 6 |  6.6
Transmutations | 1 2 3 4 5 6 |  0.0
Fire Magic     | 1 2 3 4 5 6 |  6.6
Ice Magic      | 1 2 3 4 5 6 |  6.6
Air Magic      | 1 2 3 4 5 6 |  6.6
Earth Magic    | 1 2 3 4 5 6 |  6.6
Alchemy        | 1 2 3 4 5 6 |  6.6
Conjurations   | 8 9 |  9.8
Shapeshifting  | 6 7 |  7.2

Action                     |  1- 3 |  4- 6 |  7- 9 | 10-12 || total
---------------------------+-------+-------+-------+-------++-------
  Melee: Mace              |    68 |   149 |    51 |       ||   268
         Bite              |     8 |     9 |    49 |    84 ||   150
         Punch             |       |     1 |    17 |    49 ||    67
         Dagger            |       |       |   396 |     7 ||   403
         War axe           |       |       |       |   555 ||   555
         Unarmed           |       |       |       |     4 ||     4
  Throw: Javelin           |       |       |       |     2 ||     2
   Cast: Magic Dart        |       |     5 |     9 |       ||    14
         Stone Arrow       |       |     1 |    70 |    80 ||   151
 Invoke: Heroism           |       |       |       |     2 ||     2
  Evoke: Wand              |       |       |       |     2 ||     2
    Use: Scroll            |     2 |     5 |     6 |     8 ||    21
         Potion            |       |       |     2 |     2 ||     4
   Stab: Sleeping          |     4 |     3 |     1 |     8 ||    16
         Distracted        |       |       |     1 |     2 ||     3
 Armour: Leather armour    |    23 |    89 |   196 |   433 ||   741
         Skin              |       |       |       |     4 ||     4
  Dodge: Dodged            |    63 |   153 |   255 |   748 ||  1219

Table legend: (Time is in decaauts)
 A = Elapsed time spent in this place.
 B = Non-inter-level travel time spent in this place.
 C = Inter-level travel time spent in this place.
 D = Time resting spent in this place.
 E = Time spent auto-exploring this place.
 F = Levels seen in this place.
 G = Mean time per level.
                   A        B        C        D        E       F      G
               +--------+--------+--------+--------+--------+-----+--------+
         Total |  16812 |  16363 |    449 |   4973 |   6525 |  13 | 1293.2 |
       Dungeon |  15087 |  14659 |    428 |   4554 |   5852 |  11 | 1371.5 |
          Lair |   1725 |   1705 |     20 |    419 |    673 |   2 |  862.5 |
               +--------+--------+--------+--------+--------+-----+--------+

Top non-repeatable levels by time:
     D:8: 2398 daAuts
    D:10: 1774 daAuts
     D:7: 1692 daAuts
     D:4: 1608 daAuts
     D:3: 1536 daAuts
     D:9: 1535 daAuts
     D:6: 1391 daAuts
     D:2: 1212 daAuts
  Lair:1: 1140 daAuts
     D:1: 1045 daAuts
     D:5: 885 daAuts
  Lair:2: 584 daAuts
    D:11: 8 daAuts
